 Dungeon Crawl Stone Soup version 0.30-a0-802-gb92711bcdf (webtiles) character file.

Game seed: 634369780463257608

1204 cforsyth the Covert (level 8, 0/51 HPs)
             Began as a Kobold Brigand on Feb 25, 2023.
             Was an Initiate of Hepliaklqana.
             Slain by a troll (4 damage)
             ... on level 6 of the Dungeon.
             The game lasted 00:07:17 (5108 turns).

cforsyth the Covert (Kobold Brigand)                Turns: 5108, Time: 00:07:18

Health: 0/51       AC:  4    Str:  7 (9)  XL:     8   Next: 73%
Magic:  8/8        EV: 22    Int: 11 (12) God:    Hepliaklqana [......]
Gold:   252        SH:  0    Dex: 15 (18) Spells: 7/7 levels left

rFire   . . .      SeeInvis .    a - +2 dagger (spect)
rCold   . . .      Faith    .    (no shield)
rNeg    + . .      Spirit   .    b - +0 robe
rPois   .          Reflect  .    (no helmet)
rElec   .          Harm     .    c - +1 cloak
rCorr   .          Rampage  .    (no gloves)
Will    .....                    (no boots)
Stlth   +++++                    (no amulet)
HPRegen 0.28/turn                g - +5 ring of evasion
MPRegen 0.11/turn                l - ring of positive energy

@: flying
A: small, no large weapons, nightstalker 3
a: Renounce Religion


You were on level 6 of the Dungeon.
You worshipped Hepliaklqana.
Hepliaklqana was noncommittal.
You visited 2 branches of the dungeon, and saw 7 of its levels.
You also visited: Sewer.

You collected 252 gold pieces.

Inventory:

Hand Weapons
 a - a +2 spectral dagger (weapon)
Missiles
 d - 16 poisoned darts (quivered)
 e - 3 curare-tipped darts
Armour
 b - a +0 robe (worn)
 c - a +1 cloak (worn)
Jewellery
 g - a +5 ring of evasion (left hand)
 l - a ring of positive energy (right hand)
 p - a ring of magical power
Wands
 k - a wand of charming (9)
Scrolls
 f - a scroll of enchant armour
 j - 3 scrolls of teleportation
 m - 4 scrolls of identify
 n - a scroll of blinking
 s - a scroll of fog {unknown}
 t - 2 scrolls of poison {unknown}
Potions
 h - a potion of brilliance
 i - a potion of magic
 o - a potion of ambrosia
 q - 2 potions of attraction
 v - a potion of resistance {unknown}
 w - a potion of curing {unknown}


   Skills:
 + Level 5.7 Fighting
 + Level 6.9 Short Blades
 - Level 2.1 Throwing
 + Level 5.9 Dodging
 + Level 8.8 Stealth


You had 7 spell levels left.
You didn't know any spells.
Your spell library contained the following spells:

 Spells                   Type           Power      Damage    Failure   Level
 Blink                    Tloc           0%         N/A       47%         2
 Call Canine Familiar     Summ           0%         N/A       71%         3
 Dazzling Flash           Conj/Hex       0%         N/A       71%         3
 Portal Projectile        Hex/Tloc       0%         N/A       71%         3
 Iskenderun's Mystic Bla  Conj/Tloc      0%         2d3       98%         4
 Leda's Liquefaction      Hex/Erth       0%         N/A       98%         4
 Manifold Assault         Tloc           0%         N/A       98%         4
 Starburst                Conj/Fire      0%         6d3       100%        6
 Storm Form               Tmut/Air       0%         N/A       100%        7


Dungeon Overview and Level Annotations

Branches:
Dungeon (6/15)             Temple (1/1) D:5           Sewer (visited)

Altars:
Ashenzari
Dithmenos
Elyvilon
Fedhas
Gozag
Hepliaklqana
Kikubaaqudgha
Nemelex Xobeh
Okawaru
Ru
Sif Muna
Trog
Uskayaw
Vehumet
Wu Jian
Yredelemnul
Zin
The Shining One

Shops:
D:4 ?   D:5 (


Innate Abilities, Weirdness & Mutations

You are small and have problems with some larger weapons.
You are completely attuned to the shadows.


Message History

A troll is nearby!
A troll is nearby!
A troll is nearby!
A troll is nearby!
Found a leather armour.
Found 13 gold pieces.
Found 5 stones.
A troll is nearby!
The troll shouts!
The troll misses you. The troll completely misses you. The troll claws you!
You see here 13 gold pieces.
You hit the troll but do no damage.
Your +2 spectral dagger hits the troll.
You barely miss the troll.
The troll is lightly wounded.
Your +2 spectral dagger hits the troll.
The troll barely misses you. The troll completely misses you.
The troll misses you.
You barely miss the troll.
The troll is lightly wounded.
Your +2 spectral dagger hits the troll.
The troll closely misses you. The troll claws you. The troll claws you!
You hit the troll but do no damage.
The troll is moderately wounded.
Your +2 spectral dagger hits the troll.
You hit the troll but do no damage.
The troll is moderately wounded.
Your +2 spectral dagger hits the troll.
The troll bites you! The troll barely misses you.
The troll claws you but does no damage.
You are too injured to fight recklessly!
You are too injured to fight recklessly!
It was a potion of degeneration.
There was something very wrong with that liquid.
You feel weakened.
You feel dopey.
You feel clumsy. The troll bites you!
* * * LOW HITPOINT WARNING * * *
The troll barely misses you. The troll closely misses you.
It was a potion of flight.
You feel very buoyant.
You fly up into the air.
The troll bites you but does no damage. The troll claws you.
You die...

#.. #... #...(
##T..# ##@...#
#....##.
##.......
##.......#
##........#
###........##
.#...........
..............
#.............


You could see a troll.

Vanquished Creatures
  Grinder (D:5)
  A water moccasin (D:5)
  A black bear (D:5)
  A necrophage (D:5)
  2 scorpions
  2 bullfrogs (Sewer)
  4 jellies
  An orc priest (D:4)
  Terence (D:3)
  3 orc wizards
  Robin (D:3)
  3 gnolls
  8 adders
  2 worms
  2 dart slugs
  8 orcs
  9 ball pythons
  8 endoplasms
  8 giant cockroaches
  14 goblins
  8 hobgoblins
  6 quokkas
  4 bats
  11 frilled lizards
  8 kobolds
  6 rats
123 creatures vanquished.

Notes
Turn   | Place    | Note
-------+----------+-------------------------------------------
     0 | D:1      | cforsyth the Kobold Brigand began the quest for the Orb.
     0 | D:1      | Reached XP level 1. HP: 12/12 MP: 1/1
   260 | D:1      | Reached XP level 2. HP: 18/18 MP: 2/2
   795 | D:1      | Reached XP level 3. HP: 22/22 MP: 3/3
  1175 | D:2      | Reached XP level 4. HP: 27/27 MP: 4/4
  1220 | D:2      | Found a white marble altar of Elyvilon.
  1461 | D:3      | Reached skill level 6 in Stealth
  1928 | D:3      | Noticed Robin
  2079 | D:3      | Noticed Terence
  2163 | D:3      | Reached XP level 5. HP: 21/32 MP: 5/5
  2335 | D:3      | Killed Robin
  2629 | D:3      | Killed Terence
  2828 | D:3      | Reached XP level 6. HP: 38/38 MP: 6/6
  3026 | D:4      | Found a glowing drain.
  3033 | Sewer    | Entered a sewer
  3278 | Sewer    | Reached skill level 7 in Stealth
  3284 | Sewer    | Reached skill level 5 in Short Blades
  3284 | Sewer    | Reached XP level 7. HP: 36/43 MP: 7/7
  3674 | D:4      | Identified the +3 mace "Zewih" {freeze, Int+3}
  3884 | D:4      | Found Jifoirr's Magic Scroll Shop.
  3897 | D:4      | Identified the +5 ring mail of Bedevilment {Int+4}
  4272 | D:5      | Entered Level 5 of the Dungeon
  4324 | D:5      | Reached XP level 8. HP: 48/48 MP: 8/8
  4378 | D:5      | Reached skill level 5 in Fighting
  4378 | D:5      | Reached skill level 5 in Dodging
  4378 | D:5      | Reached skill level 8 in Stealth
  4495 | D:5      | Noticed Grinder
  4503 | D:5      | Killed Grinder
  4545 | D:5      | Found a staircase to the Ecumenical Temple.
  4551 | Temple   | Entered the Ecumenical Temple
  4663 | Temple   | Became a worshipper of Hepliaklqana the Forgotten
  4733 | D:5      | Found Qeer's Antique Weapon Emporium.
  5078 | D:6      | Noticed a troll
  5108 | D:6      | Slain by a troll

Illustrated notes

Levels and vault maps discovered:
D:1:      ncdulo_wetmaze, layout_loops_corners, grunt_decor_arrowhead,
          serial_bayou_pond_e
D:2:      layout_rooms, basic_altar, reono_crystal_passage, minmay_tetromino_o4
D:3:      layout_basic, kennysheep_generic_room_8, uniq_robin, uniq_terence
D:4:      minmay_wonky_spiral, layout_cave_pools, cheibrodos_sewer_entry_drain,
          serial_shops, nicolae_inconvenience_store
D:5:      layout_loops_ring, minmay_temple_entry_statues_fountains,
          serial_shops, shop, uniq_grinder
D:6:      layout_layer_cave, uniq_sigmund, uniq_prince_ribbit1
Temple:   nicolae_temple_bog_church

Skill      XL: |  1  2  3  4  5  6  7  8 |
---------------+-------------------------+-----
Short Blades   | 3 4 5 6 |  6.9
Dodging        | 2 3 4 5 |  5.9
Fighting       | 3 4 5 |  5.7
Stealth        | 6 7 8 |  8.8
Throwing       | |  2.1

Action                     |  1- 3 |  4- 6 |  7- 9 || total
---------------------------+-------+-------+-------++-------
  Melee: Dagger            |    56 |   214 |    76 ||   346
         Punch             |       |     2 |       ||     2
    Use: Potion            |       |     3 |     2 ||     5
         Scroll            |       |     6 |     2 ||     8
   Stab: Sleeping          |    23 |    21 |    10 ||    54
         Distracted        |     1 |     3 |     2 ||     6
 Armour: Robe              |     6 |    16 |     5 ||    27
  Dodge: Dodged            |    33 |   170 |    47 ||   250

Table legend: (Time is in decaauts)
 A = Elapsed time spent in this place.
 B = Non-inter-level travel time spent in this place.
 C = Inter-level travel time spent in this place.
 D = Time resting spent in this place.
 E = Time spent auto-exploring this place.
 F = Levels seen in this place.
 G = Mean time per level.
                   A        B        C        D        E       F      G
               +--------+--------+--------+--------+--------+-----+--------+
         Total |   5153 |   5017 |    136 |    250 |   3734 |   8 |  644.1 |
       Dungeon |   4423 |   4310 |    113 |    250 |   3221 |   6 |  737.2 |
        Temple |    139 |    116 |     23 |      0 |     94 |   1 |  139.0 |
         Sewer |    590 |    590 |      0 |      0 |    418 |   1 |  590.0 |
               +--------+--------+--------+--------+--------+-----+--------+

Top non-repeatable levels by time:
     D:3: 1174 daAuts
     D:1: 946 daAuts
     D:4: 826 daAuts
     D:2: 785 daAuts
     D:5: 619 daAuts
   Sewer: 590 daAuts
  Temple: 139 daAuts
     D:6: 71 daAuts
